 Dungeon Crawl Stone Soup version 0.28-a0-1159-g27aa881441 (webtiles) character file.

Game seed: 15282152172108403498

49 patchburns1 the Skirmisher (level 3, -1/29 HPs)
             Began as a Demonspawn Fighter on Dec 16, 2021.
             Slain by Robin (5 damage)
             ... on level 2 of the Dungeon.
             The game lasted 00:05:38 (1598 turns).

patchburns1 the Skirmisher (Demonspawn Fighter)     Turns: 1598, Time: 00:05:41

Health: -1/29      AC:  8    Str: 18    XL:     3   Next: 53%
Magic:  3/3        EV:  9    Int:  9    God:
Gold:   21         SH:  4    Dex: 12    Spells: 2/2 levels left

rFire   . . .      SeeInvis .   a - +0 trident
rCold   . . .      Faith    .   c - +0 buckler
rNeg    . . .      Spirit   .   b - +0 scale mail
rPois   .          Reflect  .   (no helmet)
rElec   .          Harm     .   (no cloak)
rCorr   .          Rampage  .   (no gloves)
Will    .....                   (no boots)
Stlth   ..........              (no amulet)
HPRegen 0.09/turn               (no ring)
MPRegen 0.08/turn               (no ring)

@: no status effects
A: slimy green scales 1, demonic touch 1
a: no special abilities


You were on level 2 of the Dungeon.
You visited 1 branch of the dungeon, and saw 2 of its levels.

You collected 21 gold pieces.

Inventory:

Hand Weapons
 a - a +0 trident (weapon)
Missiles
 f - 15 sling bullets
 i - 15 arrows
Armour
 b - a +0 scale mail (worn)
 c - a +0 buckler (worn)
Scrolls
 g - 3 scrolls of identify {unknown}
 h - a scroll of teleportation {unknown}
 k - a scroll of enchant armour {unknown}
Potions
 d - a potion of might
 e - a potion of mutation {unknown}
 j - a potion of brilliance {unknown}


   Skills:
 * Level 3.3 Fighting
 * Level 2.4 Polearms
 * Level 3.0 Armour
 + Level 0.6 Dodging
 * Level 3.1 Shields


You had 2 spell levels left.
You didn't know any spells.
Your spell library contained the following spells:

 Spells                   Type           Power      Damage    Failure   Level
 Ozocubu's Armour         Ice            0%         N/A       99%         3
 Metabolic Englaciation   Hex/Ice        0%         N/A       100%        5
 Simulacrum               Ice/Necr       0%         N/A       100%        6


Dungeon Overview and Level Annotations

Branches:
Dungeon (2/15)

Altars:

Shops:
D:1 ?

Annotations:
D:2 Robin


Innate Abilities, Weirdness & Mutations

You are partially covered in slimy green scales. (AC +2)
Your touch may inflict minor irresistible damage on your foes.


Message History

You start resting.
HP restored.
There is a stone staircase leading down here.
You climb downwards.
Level annotation: Robin The hobgoblin barely misses you.
Robin roars a battlecry!
The hobgoblin goes into a battle-frenzy!
There is a stone staircase leading up here.
You barely miss the hobgoblin. The hobgoblin hits you.
Robin roars a battlecry!
You hit the hobgoblin.
You kill the hobgoblin!
You see here a hobgoblin corpse.
You hit the hobgoblin.
You kill the hobgoblin!
You barely miss Robin. Robin closely misses you.
Robin hits you with a +0 falchion.
You puncture Robin!
Robin is heavily wounded.
Robin closely misses you.
You hit Robin.
Robin is almost dead.
Robin hits you with a +0 falchion.
You hit Robin but do no damage.
Robin is almost dead.
Robin hits you with a +0 falchion.
You barely miss Robin.
Robin is almost dead.
Robin barely misses you.
You barely miss Robin.
Robin is almost dead.
Robin hits you with a +0 falchion.
You barely miss Robin.
Robin is almost dead.
The hobgoblin no longer looks unusually strong.
Robin hits you with a +0 falchion.
* * * LOW HITPOINT WARNING * * *
Robin hits you with a +0 falchion.
You die...

#g##........#.....gg
#....#..###.########
###g......#.#
#.#g..#.#.######
#.....#........#
###............#
#g<..###.<.....#
#g#..# #.......#
#@#..# #.......#
#.#..# #.......#
#.#..# #.......#
#.#### #.......#
###.######.......#
#...#...##.......#
#.....#.##.).....#
#.....#.....######
#.....#######


You could see Robin and a hobgoblin.

Vanquished Creatures
  A dart slug (D:1)
  4 endoplasms (D:1)
  3 giant cockroaches
  5 goblins
  8 hobgoblins
  8 ball pythons
  A bat (D:1)
  8 frilled lizards (D:1)
  3 kobolds
  4 rats (D:1)
45 creatures vanquished.

Notes
Turn   | Place    | Note
-------+----------+-------------------------------------------
     0 | D:1      | patchburns1 the Demonspawn Fighter began the quest for the
                  | Orb.
     0 | D:1      | Reached XP level 1. HP: 18/18 MP: 1/1
    98 | D:1      | Found Otemitz's Magic Scroll Boutique.
   319 | D:1      | Gained mutation: Your touch may inflict minor irresistible
                  | damage on your foes. [demonic ancestry]
   319 | D:1      | Reached XP level 2. HP: 24/24 MP: 2/2
   847 | D:1      | Gained mutation: You are partially covered in slimy green
                  | scales. (AC +2) [demonic ancestry]
   847 | D:1      | Reached XP level 3. HP: 29/29 MP: 3/3
  1356 | D:2      | Noticed Robin
  1598 | D:2      | Slain by Robin

Illustrated notes

Levels and vault maps discovered:
D:1:      dpeg_arrival_three_bigger_balls, layout_basic, serial_shops, shop,
          grunt_decor_fettered, minivault_23, minmay_lizard_pond
D:2:      layout_basic, ebering_ecumenical_altar_petrified, uniq_robin

Skill      XL: |  1  2  3 |
---------------+----------+-----
Polearms       | 2 |  2.4
Shields        | 3 |  3.1
Armour         | 3 |  3.0
Fighting       | |  3.3
Dodging        | |  0.6

Action                   || total
-------------------------++-------
Melee: Trident           ||   133
Armor: Scale mail        ||    36
Dodge: Dodged            ||    58
Block: Buckler           ||    24

Table legend: (Time is in decaauts)
 A = Elapsed time spent in this place.
 B = Non-inter-level travel time spent in this place.
 C = Inter-level travel time spent in this place.
 D = Time resting spent in this place.
 E = Time spent auto-exploring this place.
 F = Levels seen in this place.
 G = Mean time per level.
                   A        B        C        D        E       F      G
               +--------+--------+--------+--------+--------+-----+--------+
         Total |   1627 |   1625 |      2 |    161 |    926 |   2 |  813.5 |
       Dungeon |   1627 |   1625 |      2 |    161 |    926 |   2 |  813.5 |
               +--------+--------+--------+--------+--------+-----+--------+

Top non-repeatable levels by time:
     D:1: 1483 daAuts
     D:2: 144 daAuts
